TOP OF THE 1ST |
Gwinnett Braves batting - Pitching for Louisville Bats : RHP Jeremy Thomsen
|
Pitching: RHP Jeremy Thomsen
|
|
Batting: RHB Bill Turnbull
|
0-0: SINGLE (Groundball, 25, EV 65.0 MPH) (infield hit)
|
Batting: RHB Alex Munoz
|
0-0: Ball 1-0: Ball Bill Turnbull steals 2nd base 2-0: Reached on error, E6 (Groundball, 6M, EV 108.8 MPH) Bill Turnbull scores
|
Batting: LHB Curt Nelson
|
0-0: Ball 1-0: Swinging Strike 1-1: Ground out 4-3 (Groundball, 4, EV 98.8 MPH) Alex Munoz to third
|
Batting: RHB Jake Lang
|
0-0: Ground out 6-3 (Groundball, 6, EV 99.4 MPH) Alex Munoz scores
|
Batting: LHB Davey Schonewille
|
0-0: Foul Ball, location: 2F 0-1: Fly out, F1 (Line Drive, P, EV 66.3 MPH)
|
Top of the 1st over - 2 runs, 1 hit, 1 error, 0 left on base; Gwinnett 2 - Louisville 0 |
BOTTOM OF THE 1ST |
Louisville Bats batting - Pitching for Gwinnett Braves : RHP Chris Thompson
|
Pitching: RHP Chris Thompson
|
|
Batting: RHB Willie Lazcano
|
0-0: Foul Ball, location: 2F 0-1: Called Strike 0-2: Ball 1-2: Foul Ball, location: 2F 1-2: DOUBLE (Groundball, 5L, EV 101.9 MPH)
|
Batting: RHB Chase Briney
|
0-0: Ball Willie Lazcano steals 3rd base 1-0: Ball Wild Pitch! Willie Lazcano scores 2-0: Foul Ball, location: 2F 2-1: Ball 3-1: Swinging Strike 3-2: Strikes out swinging
|
Batting: LHB Randy Racine
|
0-0: Called Strike 0-1: Foul Ball, location: 2F 0-2: Ball 1-2: Foul Ball, location: 2F 1-2: SINGLE (Groundball, 4MD, EV 100.6 MPH)
|
Batting: RHB Jason Harris
|
0-0: Called Strike 0-1: SINGLE (Groundball, 34D, EV 101.9 MPH) Randy Racine to second Runner from 2nd tries for 3rd, SAFE, throw by RF made to third
|
Batting: SHB Freddie Farrar
|
Pickoff Throw to First - Out! 1-3 0-0: Ball 1-0: Ball 2-0: Ball 3-0: 2-RUN HOME RUN (Flyball, 78XD, EV 98.1 MPH), Distance : 384 ft
|
Batting: RHB Danny Real
|
0-0: Called Strike 0-1: Ball 1-1: Swinging Strike 1-2: Fly out, F8 (Line Drive, 8RD, EV 88.8 MPH)
|
Bottom of the 1st over - 3 runs, 4 hits, 0 errors, 0 left on base; Gwinnett 2 - Louisville 3 |
TOP OF THE 2ND |
Gwinnett Braves batting - Pitching for Louisville Bats : RHP Jeremy Thomsen
|
Batting: RHB Ian Sousa
|
0-0: Ball 1-0: Called Strike 1-1: Swinging Strike 1-2: Ball 2-2: Ground out U3 (Groundball, 34S, EV 85.0 MPH)
|
Batting: LHB Bobby Upton
|
0-0: SINGLE (Line Drive, 34D, EV 98.8 MPH)
|
Batting: RHB Jesse Lester
|
0-0: Ball Bobby Upton steals 2nd base (no throw) 1-0: Ball 2-0: Swinging Strike 2-1: Ball 3-1: Called Strike 3-2: SINGLE (Groundball, 13S, EV 67.5 MPH) (infield hit) Bobby Upton to third
|
Batting: RHB T.J. Jordan
|
0-0: Called Strike 0-1: Ball Jesse Lester is caught stealing 2nd base 2-4 1-1: Foul Ball, location: 2F 1-2: Foul Ball, location: 2F 1-2: Foul Ball, location: 2F 1-2: Strikes out swinging
|
Top of the 2nd over - 0 runs, 2 hits, 0 errors, 1 left on base; Gwinnett 2 - Louisville 3 |
BOTTOM OF THE 2ND |
Louisville Bats batting - Pitching for Gwinnett Braves : RHP Chris Thompson
|
Batting: SHB Paul Sandoval
|
0-0: DOUBLE (Line Drive, 9LD, EV 110.0 MPH)
|
Batting: RHB Gerald de Vries
|
0-0: Ball 1-0: Ball 2-0: Called Strike 2-1: Called Strike 2-2: Ball 3-2: Foul Ball, location: 2F 3-2: DOUBLE (Groundball, 3L, EV 103.8 MPH) Paul Sandoval scores
|
Batting: RHB Yasusaburo Kuwahara
|
0-0: Swinging Strike 0-1: Called Strike 0-2: Ball 1-2: Ball 2-2: Ground out 6-3 (Groundball, 6, EV 103.8 MPH)
|
Batting: RHB Willie Lazcano
|
0-0: Ground out 1-3 (Groundball, 13S, EV 71.9 MPH) Gerald de Vries to third
|
Batting: RHB Chase Briney
|
0-0: Called Strike 0-1: Fly out, F8 (Line Drive, 8RM, EV 85.0 MPH)
|
Bottom of the 2nd over - 1 run, 2 hits, 0 errors, 1 left on base; Gwinnett 2 - Louisville 4 |
TOP OF THE 3RD |
Gwinnett Braves batting - Pitching for Louisville Bats : RHP Jeremy Thomsen
|
Batting: RHB Bill Turnbull
|
0-0: Called Strike 0-1: Ball 1-1: Ball 2-1: Ball 3-1: Called Strike 3-2: Foul Ball, location: 2F 3-2: Strikes out swinging
|
Batting: RHB Alex Munoz
|
0-0: Ground out 3-1 (Groundball, 34, EV 90.6 MPH)
|
Batting: LHB Curt Nelson
|
0-0: Ball 1-0: Called Strike 1-1: SINGLE (Line Drive, 6M, EV 96.9 MPH)
|
Batting: RHB Jake Lang
|
0-0: Fielders Choice at 2nd, 5-4 (Groundball, 5, EV 80.0 MPH)
|
Top of the 3rd over - 0 runs, 1 hit, 0 errors, 1 left on base; Gwinnett 2 - Louisville 4 |
BOTTOM OF THE 3RD |
Louisville Bats batting - Pitching for Gwinnett Braves : RHP Chris Thompson
|
Batting: LHB Randy Racine
|
0-0: Ball 1-0: Foul Ball, location: 2F 1-1: Ground out U3 (Groundball, 3L, EV 105.0 MPH)
|
Batting: RHB Jason Harris
|
0-0: Ball 1-0: Called Strike 1-1: Ground out 5-3 (Groundball, 56, EV 82.5 MPH)
|
Batting: SHB Freddie Farrar
|
0-0: Called Strike 0-1: Called Strike 0-2: Strikes out swinging
|
Bottom of the 3rd over - 0 runs, 0 hits, 0 errors, 0 left on base; Gwinnett 2 - Louisville 4 |
TOP OF THE 4TH |
Gwinnett Braves batting - Pitching for Louisville Bats : RHP Jeremy Thomsen
|
Batting: LHB Davey Schonewille
|
0-0: Called Strike 0-1: Ball 1-1: Ball 2-1: Called Strike 2-2: DOUBLE (Line Drive, 7LS, EV 101.9 MPH)
|
Batting: RHB Ian Sousa
|
0-0: Ball 1-0: Foul Ball, location: 2F 1-1: Fly out, F8 (Flyball, 8RM, EV 84.4 MPH)
|
Batting: LHB Bobby Upton
|
0-0: DOUBLE (Line Drive, 7LM, EV 95.6 MPH) Davey Schonewille scores
|
Batting: RHB Jesse Lester
|
0-0: Ball 1-0: Fly out, F4 (Popup, 34S, EV 78.1 MPH)
|
Batting: RHB T.J. Jordan
|
0-0: Called Strike 0-1: Swinging Strike 0-2: Strikes out looking
|
Top of the 4th over - 1 run, 2 hits, 0 errors, 1 left on base; Gwinnett 3 - Louisville 4 |
BOTTOM OF THE 4TH |
Louisville Bats batting - Pitching for Gwinnett Braves : RHP Chris Thompson
|
Batting: RHB Danny Real
|
0-0: Ball 1-0: Called Strike 1-1: Swinging Strike 1-2: Foul Ball, location: 2F 1-2: Foul Ball, location: 2F 1-2: Ground out 6-3 (Groundball, 6S, EV 92.5 MPH)
|
Batting: SHB Paul Sandoval
|
0-0: Ball 1-0: Ball 2-0: Ball 3-0: Called Strike 3-1: Called Strike 3-2: Ground out 4-3 (Groundball, 4M, EV 78.8 MPH)
|
Batting: RHB Gerald de Vries
|
0-0: Swinging Strike 0-1: Foul Ball, location: 2F 0-2: Ground out 4-3 (Groundball, 4, EV 81.3 MPH)
|
Bottom of the 4th over - 0 runs, 0 hits, 0 errors, 0 left on base; Gwinnett 3 - Louisville 4 |
TOP OF THE 5TH |
Gwinnett Braves batting - Pitching for Louisville Bats : RHP Jeremy Thomsen
|
Batting: RHB Bill Turnbull
|
0-0: Ball 1-0: Fly out, F7 (Flyball, 7LM, EV 88.8 MPH)
|
Batting: RHB Alex Munoz
|
0-0: Ball 1-0: Foul Ball, location: 2F 1-1: Foul Ball, location: 2F 1-2: SOLO HOME RUN (Flyball, 8LXD, EV 110.0 MPH), Distance : 431 ft
|
Batting: LHB Curt Nelson
|
0-0: Called Strike 0-1: Ball 1-1: Ball 2-1: Called Strike 2-2: Ball 3-2: Strikes out swinging
|
Batting: RHB Jake Lang
|
0-0: Foul Ball, location: 2F 0-1: Ball 1-1: Swinging Strike 1-2: SINGLE (Line Drive, 9LS, EV 90.0 MPH)
|
Batting: LHB Davey Schonewille
|
0-0: Called Strike 0-1: Swinging Strike 0-2: Foul Ball, location: 2F 0-2: Fly out, F4 (Popup, 34D, EV 57.5 MPH)
|
Top of the 5th over - 1 run, 2 hits, 0 errors, 1 left on base; Gwinnett 4 - Louisville 4 |
BOTTOM OF THE 5TH |
Louisville Bats batting - Pitching for Gwinnett Braves : RHP Chris Thompson
|
Batting: RHB Yasusaburo Kuwahara
|
0-0: Ball 1-0: SINGLE (Line Drive, 9LS, EV 95.0 MPH)
|
Batting: RHB Willie Lazcano
|
0-0: Called Strike 0-1: Grounds into double play, 5-4-3 (Groundball, 56, EV 81.9 MPH)
|
Batting: RHB Chase Briney
|
0-0: Ball 1-0: Foul Ball, location: 2F 1-1: Swinging Strike 1-2: Ball 2-2: Foul Ball, location: 2F 2-2: Fly out, F9 (Flyball, 89D, EV 104.4 MPH)
|
Bottom of the 5th over - 0 runs, 1 hit, 0 errors, 0 left on base; Gwinnett 4 - Louisville 4 |
TOP OF THE 6TH |
Gwinnett Braves batting - Pitching for Louisville Bats : RHP Jeremy Thomsen
|
Batting: RHB Ian Sousa
|
0-0: Ball 1-0: Fly out, F9 (Line Drive, 9, EV 98.8 MPH)
|
Batting: LHB Bobby Upton
|
0-0: Ball 1-0: Ball 2-0: Swinging Strike 2-1: Ball 3-1: Swinging Strike 3-2: Foul Ball, location: 2F 3-2: Fly out, F1 (Line Drive, P, EV 64.4 MPH)
|
Batting: RHB Jesse Lester
|
0-0: Called Strike 0-1: Ball 1-1: Fly out, F9 (Flyball, 9, EV 88.8 MPH)
|
Top of the 6th over - 0 runs, 0 hits, 0 errors, 0 left on base; Gwinnett 4 - Louisville 4 |
BOTTOM OF THE 6TH |
Louisville Bats batting - Pitching for Gwinnett Braves : RHP Chris Thompson
|
Batting: LHB Randy Racine
|
0-0: Swinging Strike 0-1: Foul Ball, location: 2F 0-2: Ball 1-2: Foul Ball, location: 2F 1-2: Fly out, F6 (Popup, 6D, EV 67.5 MPH)
|
Batting: RHB Jason Harris
|
0-0: Ground out 6-3 (Groundball, 6, EV 102.5 MPH)
|
Batting: SHB Freddie Farrar
|
0-0: Ball 1-0: Called Strike 1-1: Foul Ball, location: 2F 1-2: Ball 2-2: SINGLE (Groundball, 34D, EV 102.5 MPH)
|
Batting: RHB Danny Real
|
0-0: Called Strike 0-1: Ball 1-1: Fielders Choice at 2nd, U6 (Groundball, 6M, EV 93.1 MPH)
|
Bottom of the 6th over - 0 runs, 1 hit, 0 errors, 1 left on base; Gwinnett 4 - Louisville 4 |
TOP OF THE 7TH |
Gwinnett Braves batting - Pitching for Louisville Bats : RHP Jeremy Thomsen
|
Batting: RHB T.J. Jordan
|
0-0: Ball 1-0: Foul Ball, location: 2F 1-1: Ball 2-1: Ball 3-1: Foul Ball, location: 2F 3-2: Strikes out swinging
|
Batting: RHB Bill Turnbull
|
0-0: Ball 1-0: Ball 2-0: Foul Ball, location: 2F 2-1: Swinging Strike 2-2: SINGLE (Groundball, 25, EV 61.3 MPH) (infield hit)
|
Batting: RHB Alex Munoz
|
0-0: Ball Bill Turnbull is caught stealing 2nd base 2-4 1-0: Foul Ball, location: 2F 1-1: Swinging Strike 1-2: Ball 2-2: Ball 3-2: Strikes out looking
|
Top of the 7th over - 0 runs, 1 hit, 0 errors, 0 left on base; Gwinnett 4 - Louisville 4 |
BOTTOM OF THE 7TH |
Louisville Bats batting - Pitching for Gwinnett Braves : RHP Chris Thompson
|
Batting: SHB Paul Sandoval
|
0-0: Ball 1-0: SINGLE (Groundball, 56, EV 100.6 MPH)
|
Pitching: RHP Luis Alvarez
|
|
Batting: RHB Gerald de Vries
|
0-0: Called Strike 0-1: Ball 1-1: Ball 2-1: Ball 3-1: Grounds into double play, 6-4-3 (Groundball, 6M, EV 91.3 MPH)
|
Batting: RHB Yasusaburo Kuwahara
|
0-0: Ball 1-0: Called Strike 1-1: Ball 2-1: Foul Ball, location: 2F 2-2: Strikes out looking
|
Bottom of the 7th over - 0 runs, 1 hit, 0 errors, 0 left on base; Gwinnett 4 - Louisville 4 |
TOP OF THE 8TH |
Gwinnett Braves batting - Pitching for Louisville Bats : RHP Jeremy Thomsen
|
Pitching: LHP Jesus Perez
|
|
Batting: LHB Curt Nelson
|
0-0: Foul Ball, location: 2F 0-1: Foul Ball, location: 2F 0-2: Foul Ball, location: 2F 0-2: Ball 1-2: Strikes out swinging
|
Pitching: RHP Gwidon Kaminski
|
|
Pinch Hitting: LHB Ricky Ayon
|
0-0: Foul Ball, location: 2F 0-1: Called Strike 0-2: Strikes out swinging
|
Batting: LHB Davey Schonewille
|
0-0: Called Strike 0-1: Called Strike 0-2: Strikes out swinging
|
Top of the 8th over - 0 runs, 0 hits, 0 errors, 0 left on base; Gwinnett 4 - Louisville 4 |
BOTTOM OF THE 8TH |
Louisville Bats batting - Pitching for Gwinnett Braves : RHP Luis Alvarez
|
Now in CF: Tim Rodgers
|
|
Now in RF: Davey Schonewille
|
|
Batting: RHB Willie Lazcano
|
0-0: Ground out 4-3 (Groundball, 4, EV 84.4 MPH)
|
Batting: RHB Chase Briney
|
0-0: Called Strike 0-1: Foul Ball, location: 2F 0-2: Ball 1-2: Strikes out swinging
|
Pitching: LHP Roger Ipock
|
|
Batting: LHB Randy Racine
|
0-0: Ball 1-0: SINGLE (Line Drive, 5D, EV 96.3 MPH)
|
Pitching: RHP Craig Noble
|
|
Batting: RHB Jason Harris
|
0-0: Ball 1-0: Ball Randy Racine is caught stealing 2nd base 2-4
|
Bottom of the 8th over - 0 runs, 1 hit, 0 errors, 0 left on base; Gwinnett 4 - Louisville 4 |
TOP OF THE 9TH |
Gwinnett Braves batting - Pitching for Louisville Bats : RHP Gwidon Kaminski
|
Pitching: LHP Matt Walton
|
|
Batting: RHB Ian Sousa
|
0-0: Called Strike 0-1: Foul Ball, location: 2F 0-2: Foul Ball, location: 2F 0-2: Strikes out swinging
|
Batting: RHB Luis Revilla
|
0-0: Called Strike 0-1: Called Strike 0-2: Ball 1-2: Ball 2-2: Foul Ball, location: 2F 2-2: Foul Ball, location: 2F 2-2: Ground out 3-1 (Groundball, 34, EV 86.3 MPH)
|
Batting: RHB Jesse Lester
|
0-0: Called Strike 0-1: Ball 1-1: Ball 2-1: Ball 3-1: Called Strike 3-2: Foul Ball, location: 2F 3-2: SINGLE (Groundball, 4MS, EV 68.1 MPH) (infield hit)
|
Batting: RHB T.J. Jordan
|
0-0: Called Strike 0-1: Called Strike 0-2: Ball Jesse Lester steals 2nd base 1-2: Foul Ball, location: 2F 1-2: Foul Ball, location: 2F 1-2: Ground out 5-3 (Groundball, 56S, EV 84.4 MPH)
|
Top of the 9th over - 0 runs, 1 hit, 0 errors, 1 left on base; Gwinnett 4 - Louisville 4 |
BOTTOM OF THE 9TH |
Louisville Bats batting - Pitching for Gwinnett Braves : RHP Craig Noble
|
Pitching: RHP Carlos Heredia
|
|
Batting: RHB Jason Harris
|
0-0: Ball 1-0: Fly out, F8 (Flyball, 8LD, EV 108.8 MPH)
|
Batting: SHB Freddie Farrar
|
0-0: Ball 1-0: Foul Ball, location: 2F 1-1: Ball 2-1: Ground out 4-3 (Groundball, 4, EV 87.5 MPH)
|
Batting: RHB Danny Real
|
0-0: Ball 1-0: Swinging Strike 1-1: Ball 2-1: Swinging Strike 2-2: Ball 3-2: Strikes out swinging
|
Bottom of the 9th over - 0 runs, 0 hits, 0 errors, 0 left on base; Gwinnett 4 - Louisville 4 |
TOP OF THE 10TH |
Gwinnett Braves batting - Pitching for Louisville Bats : LHP Matt Walton
|
Batting: RHB Bill Turnbull
|
0-0: Ground out 5-3 (Groundball, 5, EV 104.4 MPH)
|
Batting: RHB Alex Munoz
|
0-0: Called Strike 0-1: Ball 1-1: Swinging Strike 1-2: Reached on error, E4 (Groundball, 4, EV 98.1 MPH)
|
Batting: LHB Curt Nelson
|
0-0: Foul Ball, location: 2F 0-1: Called Strike 0-2: Strikes out looking
|
Batting: SHB Tim Rodgers
|
0-0: Ball 1-0: Foul Ball, location: 2F 1-1: Ground out 5-3 (Groundball, 5, EV 83.1 MPH)
|
Top of the 10th over - 0 runs, 0 hits, 1 error, 1 left on base; Gwinnett 4 - Louisville 4 |
BOTTOM OF THE 10TH |
Louisville Bats batting - Pitching for Gwinnett Braves : RHP Carlos Heredia
|
Batting: SHB Paul Sandoval
|
0-0: Fly out, F7 (Flyball, 78S, EV 74.4 MPH)
|
Batting: RHB Gerald de Vries
|
0-0: Swinging Strike 0-1: Ball 1-1: Swinging Strike 1-2: Ball 2-2: Foul Ball, location: 2F 2-2: Foul Ball, location: 2F 2-2: Ball 3-2: Foul Ball, location: 2F 3-2: SINGLE (Groundball, 6M, EV 85.0 MPH) (infield hit)
|
Pinch Hitting: SHB Tim Utz
|
0-0: Ball 1-0: Ball 2-0: Ball 3-0: Base on Balls Gerald de Vries to second
|
Batting: RHB Willie Lazcano
|
0-0: Ball 1-0: Ball 2-0: Ball 3-0: Called Strike 3-1: Foul Ball, location: 2F 3-2: Foul Ball, location: 2F 3-2: Foul Ball, location: 2F 3-2: Base on Balls Gerald de Vries to third Tim Utz to second
|
Batting: RHB Chase Briney
|
0-0: Ball 1-0: Swinging Strike 1-1: Swinging Strike 1-2: Ball 2-2: Strikes out swinging
|
Batting: LHB Randy Racine
|
0-0: Ball 1-0: Swinging Strike 1-1: Ball 2-1: Swinging Strike 2-2: Fielders Choice at 2nd, 6-4 (Groundball, 6, EV 87.5 MPH)
|
Bottom of the 10th over - 0 runs, 1 hit, 0 errors, 3 left on base; Gwinnett 4 - Louisville 4 |
TOP OF THE 11TH |
Gwinnett Braves batting - Pitching for Louisville Bats : LHP Matt Walton
|
Now at 1B: Chris Zamora
|
|
Now at SS: Paul Sandoval
|
|
Batting: LHB Davey Schonewille
|
0-0: Ball 1-0: Foul Ball, location: 2F 1-1: Swinging Strike 1-2: Strikes out swinging
|
Batting: RHB Ian Sousa
|
0-0: DOUBLE (Groundball, 5L, EV 96.3 MPH)
|
Batting: RHB Luis Revilla
|
0-0: Called Strike 0-1: Swinging Strike 0-2: Foul Ball, location: 2F 0-2: Ball 1-2: Strikes out swinging
|
Pitching: RHP Casey Truax
|
|
Batting: RHB Jesse Lester
|
0-0: Ball 1-0: Ball 2-0: Called Strike 2-1: Called Strike 2-2: Foul Ball, location: 2F 2-2: Strikes out swinging
|
Top of the 11th over - 0 runs, 1 hit, 0 errors, 1 left on base; Gwinnett 4 - Louisville 4 |
BOTTOM OF THE 11TH |
Louisville Bats batting - Pitching for Gwinnett Braves : RHP Carlos Heredia
|
Pitching: RHP Juan Sanchez
|
|
Batting: RHB Jason Harris
|
0-0: Ball 1-0: Ball 2-0: Ground out 1-3 (Groundball, P, EV 72.5 MPH)
|
Batting: SHB Freddie Farrar
|
0-0: Ground out 4-3 (Groundball, 34D, EV 85.0 MPH)
|
Batting: RHB Danny Real
|
0-0: Ball 1-0: Called Strike 1-1: Ball 2-1: Foul Ball, location: 2F 2-2: Ground out 6-3 (Groundball, 6, EV 83.8 MPH)
|
Bottom of the 11th over - 0 runs, 0 hits, 0 errors, 0 left on base; Gwinnett 4 - Louisville 4 |
TOP OF THE 12TH |
Gwinnett Braves batting - Pitching for Louisville Bats : RHP Casey Truax
|
Pinch Hitting: LHB Jose Chinchilla
|
0-0: Fly out, F8 (Flyball, 78XD, EV 94.4 MPH)
|
Batting: RHB Bill Turnbull
|
0-0: Called Strike 0-1: Ball 1-1: DOUBLE (Line Drive, 89D, EV 112.5 MPH)
|
Batting: RHB Alex Munoz
|
0-0: Ball Wild Pitch! Bill Turnbull to third 1-0: Called Strike 1-1: Swinging Strike 1-2: Ball 2-2: Strikes out looking
|
Batting: LHB Curt Nelson
|
0-0: Intentional Walk
|
Pinch Hitting: RHB Ethan McCullough
|
0-0: Swinging Strike 0-1: Ball 1-1: Called Strike 1-2: Strikes out swinging
|
Top of the 12th over - 0 runs, 1 hit, 0 errors, 2 left on base; Gwinnett 4 - Louisville 4 |
BOTTOM OF THE 12TH |
Louisville Bats batting - Pitching for Gwinnett Braves : RHP Juan Sanchez
|
Now at C: Ethan McCullough
|
|
Now in CF: Bobby Light
|
|
Batting: SHB Paul Sandoval
|
0-0: Ball 1-0: Ball 2-0: Called Strike 2-1: Swinging Strike 2-2: Foul Ball, location: 2F 2-2: Foul Ball, location: 2F 2-2: Ball 3-2: Base on Balls
|
Batting: RHB Gerald de Vries
|
0-0: Ball 1-0: Swinging Strike 1-1: Foul Ball, location: 2F 1-2: Fly out, F9 (Flyball, 89D, EV 85.6 MPH)
|
Batting: RHB Chris Zamora
|
0-0: Called Strike 0-1: Ball 1-1: Fielders Choice at 2nd, U6 (Groundball, P, EV 88.1 MPH)
|
Batting: RHB Willie Lazcano
|
0-0: Called Strike 0-1: SINGLE (Line Drive, 4MD, EV 95.6 MPH) Chris Zamora to second
|
Batting: RHB Chase Briney
|
0-0: Ball 1-0: Ball 2-0: Ball 3-0: Base on Balls Chris Zamora to third Willie Lazcano to second
|
Batting: LHB Randy Racine
|
0-0: Swinging Strike 0-1: Foul Ball, location: 2F 0-2: Foul Ball, location: 2F 0-2: Ball 1-2: Ball 2-2: Foul Ball, location: 2F 2-2: Strikes out looking
|
Bottom of the 12th over - 0 runs, 1 hit, 0 errors, 3 left on base; Gwinnett 4 - Louisville 4 |
TOP OF THE 13TH |
Gwinnett Braves batting - Pitching for Louisville Bats : RHP Casey Truax
|
Batting: LHB Davey Schonewille
|
0-0: Ball 1-0: Ball 2-0: Swinging Strike 2-1: Ball 3-1: Called Strike 3-2: Foul Ball, location: 2F 3-2: Base on Balls
|
Pitching: RHP Tyrese Barnett
|
|
Batting: RHB Ian Sousa
|
0-0: Ball 1-0: Ball 2-0: Sac Bunt to 25 - play at first, batter OUT! 5-4 Davey Schonewille to second
|
Batting: RHB Luis Revilla
|
0-0: Ball 1-0: Ground out 5-3 (Groundball, 56S, EV 70.0 MPH) Davey Schonewille to third
|
Batting: RHB Jesse Lester
|
0-0: Intentional Walk
|
Batting: RHB Bobby Light
|
0-0: Ball 1-0: Foul Ball, location: 2F 1-1: Called Strike 1-2: SINGLE (Groundball, 4MD, EV 100.0 MPH) Davey Schonewille scores Jesse Lester to second Runner from 2nd tries for 3rd, SAFE, no throw by CF
|
Batting: RHB Bill Turnbull
|
0-0: Called Strike 0-1: Swinging Strike 0-2: Ball 1-2: Foul Ball, location: 2F 1-2: Foul Ball, location: 2F 1-2: Ball 2-2: Ball 3-2: Base on Balls Bobby Light to second
|
Batting: RHB Alex Munoz
|
0-0: Swinging Strike 0-1: Ball 1-1: Called Strike 1-2: Ball 2-2: Fly out, F9 (Line Drive, 9D, EV 88.1 MPH)
|
Top of the 13th over - 1 run, 1 hit, 0 errors, 3 left on base; Gwinnett 5 - Louisville 4 |
BOTTOM OF THE 13TH |
Louisville Bats batting - Pitching for Gwinnett Braves : RHP Juan Sanchez
|
Now at C: Angel Lescano
|
|
Now at 1B: Bill Turnbull
|
|
Now at 2B: Ethan McCullough
|
|
Batting: RHB Jason Harris
|
0-0: Foul Ball, location: 2F 0-1: SOLO HOME RUN (Flyball, 7LD, EV 91.3 MPH), Distance : 331 ft
|
Batting: SHB Freddie Farrar
|
0-0: Called Strike 0-1: Ball 1-1: SINGLE (Groundball, 56D, EV 103.1 MPH)
|
Pitching: LHP Kyle Krull
|
|
Batting: RHB Danny Real
|
0-0: Grounds into double play, 5-4-3 (Groundball, 56S, EV 82.5 MPH)
|
Batting: SHB Paul Sandoval
|
0-0: Ball 1-0: Called Strike 1-1: Ground out 6-3 (Groundball, 6, EV 80.6 MPH)
|
Bottom of the 13th over - 1 run, 2 hits, 0 errors, 0 left on base; Gwinnett 5 - Louisville 5 |
TOP OF THE 14TH |
Gwinnett Braves batting - Pitching for Louisville Bats : RHP Tyrese Barnett
|
Batting: LHB Curt Nelson
|
0-0: Ball 1-0: Ball 2-0: SINGLE (Flyball, 34D, EV 92.5 MPH)
|
Batting: RHB Ethan McCullough
|
0-0: Ball 1-0: Fly out, F6 (Line Drive, 6, EV 68.1 MPH)
|
Batting: LHB Davey Schonewille
|
0-0: Ball Curt Nelson steals 2nd base 1-0: Intentional Walk
|
Batting: RHB Angel Lescano
|
0-0: Grounds into double play, 4-6-3 (Groundball, 4S, EV 86.9 MPH)
|
Top of the 14th over - 0 runs, 1 hit, 0 errors, 1 left on base; Gwinnett 5 - Louisville 5 |
BOTTOM OF THE 14TH |
Louisville Bats batting - Pitching for Gwinnett Braves : LHP Kyle Krull
|
Batting: RHB Gerald de Vries
|
0-0: Ball 1-0: Foul Ball, location: 2F 1-1: Foul Ball, location: 2F 1-2: Ball 2-2: Foul Ball, location: 2F 2-2: Ball 3-2: Base on Balls
|
Batting: RHB Chris Zamora
|
0-0: Ball Wild Pitch! Gerald de Vries to second 1-0: Called Strike 1-1: Called Strike 1-2: Foul Ball, location: 2F 1-2: Strikes out looking
|
Batting: RHB Willie Lazcano
|
0-0: Intentional Walk
|
Batting: RHB Chase Briney
|
0-0: Foul Ball, location: 2F 0-1: Foul Ball, location: 2F 0-2: Ball 1-2: Grounds into double play, 4-6-3 (Groundball, 34, EV 107.5 MPH)
|
Bottom of the 14th over - 0 runs, 0 hits, 0 errors, 1 left on base; Gwinnett 5 - Louisville 5 |
TOP OF THE 15TH |
Gwinnett Braves batting - Pitching for Louisville Bats : RHP Tyrese Barnett
|
Batting: RHB Luis Revilla
|
0-0: Ball 1-0: Called Strike 1-1: Foul Ball, location: 2F 1-2: Foul Ball, location: 2F 1-2: Ball 2-2: Ball 3-2: Foul Ball, location: 2F 3-2: Base on Balls
|
Batting: RHB Jesse Lester
|
0-0: Ball Luis Revilla steals 2nd base 1-0: Intentional Walk
|
Batting: RHB Bobby Light
|
0-0: Ground out 5-3 (Groundball, 56S, EV 69.4 MPH) Luis Revilla to third Jesse Lester to second
|
Batting: RHB Bill Turnbull
|
0-0: Ball 1-0: Fly out, F4 (Popup, 4, EV 60.6 MPH)
|
Batting: RHB Alex Munoz
|
0-0: Called Strike 0-1: Ground out 6-3 (Groundball, 6, EV 90.0 MPH)
|
Top of the 15th over - 0 runs, 0 hits, 0 errors, 2 left on base; Gwinnett 5 - Louisville 5 |
BOTTOM OF THE 15TH |
Louisville Bats batting - Pitching for Gwinnett Braves : LHP Kyle Krull
|
Batting: LHB Randy Racine
|
0-0: Called Strike 0-1: Ball 1-1: Swinging Strike 1-2: Foul Ball, location: 2F 1-2: Strikes out looking
|
Batting: RHB Jason Harris
|
0-0: Ball 1-0: Ball 2-0: Ball 3-0: Base on Balls
|
Pitching: RHP Brian Garrett
|
|
Batting: SHB Freddie Farrar
|
0-0: Ball 1-0: Ball 2-0: Ball 3-0: Base on Balls Jason Harris to second
|
Batting: RHB Danny Real
|
0-0: Ball 1-0: Ball 2-0: SINGLE (Groundball, 3D, EV 96.3 MPH) Jason Harris to third Freddie Farrar to second Runner from 3rd tries for Home, throw by RF and OUT! 9-2 Freddie Farrar to third Danny Real to second
|
Batting: SHB Paul Sandoval
|
0-0: Intentional Walk
|
Batting: RHB Gerald de Vries
|
0-0: SINGLE (Groundball, 34S, EV 64.4 MPH) (infield hit) Freddie Farrar scores
|
Bottom of the 15th over - 1 run, 2 hits, 0 errors, 0 left on base; Gwinnett 5 - Louisville 6 |
|
Game Over ... Louisville defeats Gwinnett, 6 to 5
|
|
|